AoeStats
← _The_Lion

Arena

509527034Analyzed
4v4 RM · 6d ago on Sep 27, 2026· 21m 5s· 8 players
Game mode
Random Map
Map size
Large (8 player)
Population
200
Speed
Normal
Resources
Standard
Victory
Conquest
Starting age
Dark Age
Ending age
Imperial Age
RankedLock teamsTeams togetherTeam positionsShared explorationLock speedFull tech treeHidden civsTurbo modeCheats
Victory
Defeat
🇺🇸 Malay · United States
1523
+15
🇨🇦 Khmer · Canada
1488
+16
🇺🇾 Bohemians · Uruguay
1448
+18
🇨🇦 Celts · Canada
1399
+21
🇨🇱 Britons · Chile
1509
-18
🇨🇳 Varangians · China
1505
-18
🇦🇷 Wei · Argentina
1485
-17
🇨🇳 Inca · China
1478
-17
Qwer
10:26 Feudal Age
14:12 Castle Age
12:22 Double-Bit Axe
12:34 Horse Collar
16:28 Wheelbarrow
16:06 Loom
Tiranosaurio
8:59 Feudal Age
10:09 Double-Bit Axe
11:43 Horse Collar
14:02 Wheelbarrow
16:42 Castle Age
15:07 Stone Mining
15:45 Gold Mining
17:48 Bow Saw
17:39 Heavy Plow
19:41 Gold Shaft Mining
20:50 Scale Barding Armor
[CL] ßitokø × 1876
10:54 Feudal Age
14:28 Castle Age
12:40 Double-Bit Axe
12:56 Horse Collar
20:02 Bow Saw
19:53 Heavy Plow
20:12 Heavy Plow
22:09 Wheelbarrow
迷路将军
9:24 Feudal Age
13:15 Castle Age
11:28 Horse Collar
12:10 Double-Bit Axe
15:48 Loom
18:15 Scale Mail Armor
19:38 Chain Mail Armor
20:33 Forging
[VL] Rio_BlancoVER
12:12 Feudal Age
11:54 Double-Bit Axe
16:17 Castle Age
14:11 Loom
14:34 Stone Mining
16:18 Bow Saw
16:07 Gold Mining
17:45 Wheelbarrow
18:50 Town Watch
19:44 Stone Shaft Mining
_The_Lion
9:48 Feudal Age
14:00 Castle Age
12:26 Double-Bit Axe
13:35 Loom
T1m
10:09 Feudal Age
13:36 Castle Age
11:38 Double-Bit Axe
11:39 Horse Collar
12:48 Bloodlines
13:37 Light Cavalry
15:07 Bow Saw
17:54 Forging
18:56 Heavy Plow
20:44 Scale Barding Armor
Peruano de élite
9:25 Feudal Age
10:56 Loom
13:59 Castle Age
12:26 Double-Bit Axe
13:37 Town Watch
21:49 Bow Saw
Connection lost

Rejoining the realm…

Still unreachable

The connection could not be restored.

Session expired

The server has moved on; the page needs a fresh start.